 Dungeon Crawl Stone Soup version 0.24.0-123-gd5b16e6ec5 (webtiles) character file.

Game seed: 12174268416108318309, levelgen mode: deterministic

20634 dasteron the Impaler (level 12, -11/104 HPs)
             Began as a Minotaur Berserker on Jan 1, 2020.
             Was a High Priest of Trog.
             Mangled by a death yak (15 damage)
             ... on level 4 of the Lair of Beasts on Jan 2, 2020.
             The game lasted 00:38:41 (7472 turns).

dasteron the Impaler (Minotaur Berserker)           Turns: 7472, Time: 00:38:41

Health: -11/104    AC: 19    Str: 22    XL:     12   Next: 47%
Magic:  11/11      EV: 17    Int:  4    God:    Trog [*****.]
Gold:   558        SH:  0    Dex: 15    Spells: 11/11 levels left

rFire    . . .     SeeInvis .   w - +5 scythe "Finisher" {speed, eviscerate}
rCold    . . .     Gourm    .   (shield currently unavailable)
rNeg     . . .     Faith    .   y - +5 ring mail
rPois    .         Spirit   .   (helmet restricted)
rElec    .         Reflect  .   b - +2 cloak
rCorr    .         Harm     .   f - +2 pair of gloves
MR       .....                  (no boots)
Stlth    +.........             O - amulet of rage
HPRegen  0.27/turn              o - +2 ring of evasion
MPRegen  0.12/turn              X - ring of wizardry

@: berserk cooldown, hasted and slowed
A: retaliatory headbutt, horns 2
a: Berserk, Trog's Hand, Brothers in Arms, Renounce Religion, Evoke Berserk Rage


You were on level 4 of the Lair of Beasts.
You worshipped Trog.
Trog was extremely pleased with you.
You were near starving.

You visited 2 branches of the dungeon, and saw 14 of its levels.

You collected 558 gold pieces.

Inventory:

Hand Weapons
 l - a +2 dagger of distortion
 t - a +4 trident of freezing
 w - the +5 scythe "Finisher" (weapon) {speed, eviscerate}
   (You found it on level 7 of the Dungeon)

   Attacks with this weapon are significantly faster.
 x - a +5 antimagic rapier
 I - a +3 dagger of holy wrath
 Q - a +2 quarterstaff of protection
Armour
 b - a +2 cloak (worn)
 d - a +2 hat
 f - a +2 pair of gloves (worn)
 y - a +5 ring mail (worn)
 L - a +1 plate armour
 Z - the +0 helmet of the Maze {+Fly rF+++ MP-9, unknown}
   (You found it on level 8 of the Dungeon)

   It renders you almost immune to fire.
   It affects your magic capacity (-9).
   It lets you fly.
Magical Staves
 u - an uncursed staff of poison {unknown}
 J - an uncursed staff of cold {unknown}
Jewellery
 o - a +2 ring of evasion (left hand)
 s - an uncursed ring of protection from cold
 D - an uncursed ring of fire
 E - a -3 ring of dexterity
 O - an amulet of rage (around neck)
 S - an uncursed ring of flight
 X - a ring of wizardry (right hand)
 Y - the ring of Ingipp {rPois rN+ Int-5 Dex+6 Stlth+, unknown}
   (You found it on level 10 of the Dungeon)

   [ring of positive energy]

   It affects your intelligence (-5).
   It affects your dexterity (+6).
   It protects you from poison.
   It protects you from negative energy.
   It makes you more stealthy.
Wands
 a - a wand of random effects (26)
 h - a wand of acid (9)
 p - a wand of polymorph (20)
 C - a wand of enslavement (8)
 H - a wand of iceblast (7)
Scrolls
 q - 6 scrolls of teleportation
 v - a scroll of silence {unknown}
 z - a scroll of amnesia
 A - a scroll of noise
 B - 11 scrolls of identify
 F - 2 scrolls of remove curse
 G - a scroll of fog
 V - 2 scrolls of brand weapon {unknown}
Potions
 e - 2 potions of invisibility {unknown}
 g - 2 potions of ambrosia {unknown}
 i - 5 potions of might {unknown}
 j - a potion of magic {unknown}
 k - 3 potions of degeneration {unknown}
 m - 2 potions of resistance {unknown}
 n - 6 potions of curing {unknown}
 r - 4 potions of lignification {unknown}
 K - a potion of agility {unknown}
 M - 3 potions of haste
 P - 2 potions of mutation {unknown}
 R - a potion of brilliance {unknown}
 T - a potion of flight {unknown}
Miscellaneous
 U - a crystal ball of energy
Comestibles
 c - 12 rations


   Skills:
 + Level 9.2 Fighting
   Level 5.7 Long Blades
 * Level 18.0 Polearms
 * Level 10.8 Armour
 + Level 6.3 Dodging


You had 11 spell levels left.
You didn't know any spells.
Your spell library was empty.

Dungeon Overview and Level Annotations

Branches:
Dungeon (10/15)            Temple (0/1) D:5            Lair (4/6) D:8
 Spider (0/4) Lair:2
  Swamp: Lair:2-4    Shoals: Lair:2-4       Orc: D:9-12

Altars:
Ashenzari
Cheibriados
Elyvilon
Fedhas
Hepliaklqana
Kikubaaqudgha
Makhleb
Nemelex Xobeh
Sif Muna
Trog
Uskayaw
Vehumet
Wu Jian
Xom
Zin
The Shining One

Shops:
D:5 [%(   D:8 [


Innate Abilities, Weirdness & Mutations

You reflexively headbutt those who attack you in melee.
You have a pair of horns on your head.


Message History

The death yak gores you.
* * * LOW HITPOINT WARNING * * *
You feel a strong urge to attack something.
You feel your anger nearly subside.
You are no longer berserk.
You are exhausted.
You feel yourself slow down.
You feel yourself speed up.
You slice the death yak!!
You headbutt the death yak, but do no damage.
The death yak is almost dead.
The death yak snorts and paws the ground.
You barely miss the death yak. Your headbutt misses the death yak.
The death yak is almost dead.
The death yak gores you.
* * * LOW HITPOINT WARNING * * *
You hit the death yak but do no damage. Your headbutt misses the death yak.
The death yak is almost dead.
The death yak gores you!
You die...

##.. #.#.......# #..
#....####.PP......##.#
#...YY...........P..##.#
......#Y...........P.....
..... ##%Y.%..%..........
.... #.h.........<.....
... #...Y............. ..
.##...YY....P..... #
.......Y@.....P##.#
##(..#P%......P##
###.###.......#.#### ...
#......P##...# ...
#......###..# ##...
##......##...#
#....##........#..##
#.#P.P##......##..# #
#....##......##..#.#..


You could see 4 death yaks, a polar bear and 3 yaks.

Vanquished Creatures
  Gastronok (D:8)
  2 hydras
  2 death yaks (Lair:4)
  2 two-headed ogres
  The ghost of gargbit the Basher, a journeyman GrWz of Vehumet (Lair:1)
  Pikel (D:6)
  Maurice (D:8)
  Joseph (D:7)
  3 spiny frogs
  2 black mambas (Lair:1)
  3 komodo dragons
  A polar bear (Lair:4)
  Prince Ribbit (D:7)
  5 hippogriffs
  6 wraiths (D:7)
  2 wyverns
  19 yaks
  A basilisk (Lair:3)
  Grum (D:8)
  A steam dragon (Lair:3)
  5 water moccasins
  3 porcupines
  2 ice beasts
  2 orc warriors
  A sky beast (D:5)
  A black bear (D:9)
  3 ogres
  2 phantoms
  A necrophage (D:8)
  8 wolves
  7 crocodiles
  A big kobold (D:8)
  Blork the orc (D:6)
  11 bullfrogs
  Dowan (D:6)
  3 scorpions
  3 howler monkeys (D:9)
  2 crimson imps
  A quasit (D:9)
  4 hounds
  6 orc priests
  11 orc wizards
  A centaur skeleton (D:9)
  A bullfrog skeleton (D:6)
  2 iguanas
  Ijyb (D:4)
  8 worker ants
  A hound zombie (D:5)
  A howler monkey zombie (D:8)
  3 gnolls (D:9)
  11 adders
  2 shadow imps
  An ooze (D:2)
  2 adder skeletons
  4 worms
  A dart slug (D:4)
  A leopard gecko (D:4)
  32 orcs
  A ball python (D:4)
  8 bats
  A giant cockroach (D:3)
  3 goblins
  3 hobgoblins
  7 jackals
  3 quokkas
  2 frilled lizards
  A jackal zombie (D:6)
  7 kobolds
  A quokka skeleton (D:5)
  10 rats
254 creatures vanquished.

Vanquished Creatures (collateral kills)
  An orc priest (D:6)
  A shadow imp (D:6)
  2 orcs (D:6)
4 creatures vanquished.

Vanquished Creatures (others)
  Duvessa (D:6)
  A centaur (D:6)
  An orc priest (D:6)
  A worm (D:6)
  An orc (D:6)
  A plant (Lair:4)
6 creatures vanquished.

Grand Total: 264 creatures vanquished

Notes
Turn   | Place    | Note
-------+----------+-------------------------------------------
     0 | D:1      | dasteron the Minotaur Berserker began the quest for the
                  | Orb.
     0 | D:1      | Reached XP level 1. HP: 19/19 MP: 0/0
    45 | D:1      | You fall into a shaft and drop 1 floor!
    53 | D:2      | Reached XP level 2. HP: 15/27 MP: 1/1
   360 | D:2      | Found an ancient bone altar of Kikubaaqudgha.
   391 | D:2      | Reached XP level 3. HP: 32/33 MP: 2/2
   520 | D:2      | Found a glowing golden altar of the Shining One.
   542 | D:2      | Reached ** piety under Trog
   542 | D:2      | Reached XP level 4. HP: 29/41 MP: 3/3
   658 | D:3      | Reached skill level 5 in Long Blades
   892 | D:4      | Reached XP level 5. HP: 47/47 MP: 4/4
  1072 | D:4      | Reached skill level 2 in Polearms
  1081 | D:4      | Reached *** piety under Trog
  1112 | D:4      | Noticed Ijyb
  1118 | D:4      | Paralysed by Ijyb for 7 turns
  1130 | D:4      | Killed Ijyb
  1130 | D:4      | Reached skill level 3 in Polearms
  1130 | D:4      | Reached XP level 6. HP: 38/53 MP: 5/5
  1214 | D:4      | Reached skill level 4 in Polearms
  1551 | D:5      | Entered Level 5 of the Dungeon
  1554 | D:5      | Reached skill level 5 in Polearms
  1558 | D:5      | Reached XP level 7. HP: 60/60 MP: 6/6
  1559 | D:5      | Reached skill level 6 in Polearms
  1618 | D:5      | Found a burning altar of Makhleb.
  1618 | D:5      | Found a blossoming altar of Fedhas.
  1700 | D:5      | Reached skill level 7 in Polearms
  1755 | D:5      | Found a staircase to the Ecumenical Temple.
  1770 | D:5      | Found a hide-covered altar of Uskayaw.
  1770 | D:5      | Found a snail-covered altar of Cheibriados.
  1770 | D:5      | Found a hazy altar of Hepliaklqana.
  1770 | D:5      | Found a bloodstained altar of Trog.
  1771 | D:5      | Found a radiant altar of Vehumet.
  1772 | D:5      | Found a shattered altar of Ashenzari.
  1773 | D:5      | Found a shimmering blue altar of Sif Muna.
  1775 | D:5      | Found an ornate altar of the Wu Jian Council.
  1809 | D:5      | Found Celec's Food Shop.
  1847 | D:5      | Found Woranes's Antique Armour Boutique.
  1916 | D:5      | Reached skill level 8 in Polearms
  1957 | D:5      | Reached XP level 8. HP: 30/67 MP: 7/7
  1959 | D:5      | Found Enujeq's Weapon Boutique.
  2007 | D:5      | Reached skill level 5 in Armour
  2021 | D:5      | Reached skill level 5 in Fighting
  2260 | D:6      | Noticed Blork the orc
  2273 | D:6      | Killed Blork the orc
  2294 | D:6      | Noticed Pikel
  2317 | D:6      | Killed Pikel
  2317 | D:6      | Reached skill level 10 in Polearms
  2427 | D:6      | Noticed Dowan
  2427 | D:6      | Noticed Duvessa
  2459 | D:6      | Killed Dowan
  2459 | D:6      | Reached **** piety under Trog
  2494 | D:6      | Killed Duvessa
  2578 | D:6      | Reached XP level 9. HP: 46/74 MP: 8/8
  3030 | D:7      | Reached skill level 11 in Polearms
  3320 | D:7      | Noticed Prince Ribbit
  3329 | D:7      | Killed Prince Ribbit
  3329 | D:7      | Reached skill level 12 in Polearms
  3359 | D:7      | Noticed Joseph
  3379 | D:7      | Killed Joseph
  3741 | D:7      | Found the +5 scythe "Finisher" {speed, eviscerate}
  3944 | D:8      | Reached XP level 10. HP: 84/84 MP: 9/9
  3946 | D:8      | Noticed an eight-headed hydra
  3953 | D:9      | Killed a ten-headed hydra
  4020 | D:9      | Reached skill level 13 in Polearms
  4112 | D:9      | Found a glowing golden altar of the Shining One.
  4112 | D:9      | Found a white marble altar of Elyvilon.
  4113 | D:9      | Found a glowing silver altar of Zin.
  4159 | D:9      | Noticed a two-headed ogre
  4168 | D:9      | Killed a two-headed ogre
  4176 | D:9      | Reached skill level 5 in Dodging
  4345 | D:9      | Found a shimmering altar of Xom.
  4467 | D:9      | Reached skill level 14 in Polearms
  4526 | D:9      | Found a sparkling altar of Nemelex Xobeh.
  4758 | D:10     | Entered Level 10 of the Dungeon
  4760 | D:10     | Got a heavily runed tin ring
  4772 | D:10     | Reached ***** piety under Trog
  4861 | D:8      | Reached XP level 11. HP: 47/92 MP: 10/10
  5010 | D:8      | Got a warped helmet
  5051 | D:8      | Found Byumey's Armour Shoppe.
  5052 | D:8      | Noticed Maurice
  5060 | D:8      | Killed Maurice
  5106 | D:8      | Noticed a two-headed ogre
  5108 | D:8      | Killed a two-headed ogre
  5108 | D:8      | Reached skill level 15 in Polearms
  5185 | D:8      | Found a staircase to the Lair.
  5261 | D:8      | Noticed Grum
  5264 | D:8      | Noticed Gastronok
  5277 | D:8      | Killed Grum
  5289 | D:8      | Killed Gastronok
  5289 | D:8      | Reached skill level 10 in Armour
  5443 | Lair:1   | Entered Level 1 of the Lair of Beasts
  5576 | Lair:1   | Found a runed translucent door.
  5576 | Lair:1   | Noticed gargbit's ghost (journeyman GrWz)
  5586 | Lair:1   | Killed gargbit's ghost
  5586 | Lair:1   | Reached skill level 16 in Polearms
  6480 | Lair:2   | Received a gift from Trog
  6482 | Lair:2   | Found a hole to the Spider Nest.
  6525 | Lair:2   | Reached XP level 12. HP: 38/103 MP: 6/11
  6900 | Lair:2   | Reached skill level 17 in Polearms
  7051 | Lair:3   | Found an ancient bone altar of Kikubaaqudgha.
  7188 | Lair:3   | Noticed a six-headed hydra
  7193 | Lair:3   | Killed a seven-headed hydra
  7443 | Lair:4   | Noticed a death yak
  7443 | Lair:4   | Noticed a death yak
  7443 | Lair:4   | Noticed a death yak
  7443 | Lair:4   | Noticed a death yak
  7444 | Lair:4   | Noticed a death yak
  7444 | Lair:4   | Noticed a death yak
  7451 | Lair:4   | Killed a death yak
  7463 | Lair:4   | Killed a death yak
  7463 | Lair:4   | Reached skill level 18 in Polearms
  7463 | Lair:4   | HP: 5/156 [death yak (5)]
  7471 | Lair:4   | HP: 4/104 [death yak (1)]
  7472 | Lair:4   | Mangled by a death yak

Levels and vault maps discovered:
D:1:      dpeg_arrival_ratfight, layout_basic, st_stairs_6
D:2:      layout_rooms, old_standard_altar, nicolae_tso_carved_into_rock
D:3:      layout_rooms, minmay_misc_feat_ornament, tgw_xom
D:4:      layout_loops_ring, first_ration, gup_sewer_entry_spiral,
          grunt_decor_arrowhead, uniq_ijyb
D:5:      layout_rooms, minitemple, minmay_temple_entry_glassed_door,
          serial_shops, kennysheep_mini, nicolae_shop_overgrown_old_shop,
          shop_fountains, shop_statue
D:6:      layout_cave_pools, uniq_duvessa, uniq_blork_the_orc, uniq_pikel
D:7:      layout_basic, minmay_guarded_unrand_finisher, uniq_joseph,
          uniq_prince_ribbit1
D:8:      layout_basic, lair_entry_dummy, serial_shops, shop, uniq_gastronok,
          uniq_maurice, uniq_grum
D:9:      layout_small_grid, good_gods_temple_1, kennysheep_little_box,
          nemelex_xobeh_ov_fountains_minmay
D:10:     layout_loops_ring
Lair:1:   layout_loops_ring, ebering_ghost_reflecting_pool,
          chequers_serial_rivers_room_b, grunt_megastairs_1
Lair:2:   layout_gridlike, nicolae_spider_entry_non_spiders,
          chequers_serial_rivers_small_3
Lair:3:   layout_roguey, basic_altar, st_stairs_8
Lair:4:   layout_regular_city, shoals_dummy_entry, beast_lair_carwin_4

Skill      XL: |  1  2  3  4  5  6  7  8  9 10 11 12 |
---------------+-------------------------------------+-----
Long Blades    | 4 5 |  5.7
Fighting       | 4 5 6 7 8 9 |  9.2
Armour         | 3 4 6 8 9 10 | 10.8
Polearms       | 3 5 8 10 12 14 16 18 | 18.0
Dodging        | 3 4 5 6 |  6.3

Action                   |  1- 3 |  4- 6 |  7- 9 | 10-12 || total
-------------------------+-------+-------+-------+-------++-------
Melee: Falchion          |    53 |    46 |       |       ||    99
       Headbutt          |     9 |    19 |    39 |    81 ||   148
       Trident           |       |    42 |   199 |       ||   241
       Scythe            |       |       |     9 |   367 ||   376
Invok: Berserk           |       |     2 |     4 |     7 ||    13
       Brothers in Arms  |       |       |     1 |       ||     1
  Use: Scroll            |       |     4 |     8 |     3 ||    15
       Potion            |       |       |     2 |     1 ||     3
  Eat: Ration            |       |     1 |     3 |       ||     4
       Chunk             |       |       |     3 |    16 ||    19
Armor: Animal skin       |     2 |       |       |       ||     2
       Leather armour    |     9 |       |       |       ||     9
       Scale mail        |     9 |    44 |    17 |       ||    70
       Ring mail         |       |       |    79 |   127 ||   206
Dodge: Dodged            |    28 |    58 |   159 |   348 ||   593
       Rpst.: Falchion   |    10 |     9 |       |       ||    19
